 Dungeon Crawl Stone Soup version 0.28-a0-1348-g050f3537b9 (webtiles) character file.

Game seed: 14807186380325426577

347 Deminshera the Chopper (level 6, -1/55 HPs)
             Began as a Draconian Berserker on Dec 30, 2021.
             Was a Believer of Trog.
             Slain by a kobold (3 damage)
             ... on level 3 of the Dungeon.
             The game lasted 00:04:02 (3963 turns).

Deminshera the Chopper (Draconian Berserker)        Turns: 3963, Time: 00:04:03

Health: -1/55      AC:  6    Str: 21    XL:     6   Next: 32%
Magic:  6/6        EV: 10    Int:  7    God:    Trog [**....]
Gold:   142        SH:  8    Dex: 11    Spells: 5/5 levels left

rFire   . . .      SeeInvis .   a - +0 hand axe
rCold   . . .      Faith    .   c - +0 kite shield
rNeg    . . .      Spirit   .   (armour unavailable)
rPois   .          Reflect  .   (helmet restricted)
rElec   .          Harm     .   (no cloak)
rCorr   .          Rampage  .   (no gloves)
Will    .....                   (no boots)
Stlth   +.........              (no amulet)
HPRegen 0.18/turn               (no ring)
MPRegen 0.10/turn               (no ring)

@: on berserk cooldown, slowed, invisible, very slow
A: AC +6, unfitting armour, cold-blooded
a: Renounce Religion, Berserk, Trog's Hand


You were on level 3 of the Dungeon.
You worshipped Trog.
Trog was pleased with you.
You visited 1 branch of the dungeon, and saw 3 of its levels.

You collected 142 gold pieces.

Inventory:

Hand Weapons
 a - a +0 hand axe (weapon)
Armour
 c - a +0 kite shield (worn)
Wands
 h - a wand of iceblast (12)
Scrolls
 b - a scroll of amnesia {unknown}
 e - a scroll of magic mapping {unknown}
 g - a scroll of vulnerability {unknown}


   Skills:
 + Level 4.9 Fighting
 * Level 5.6 Axes
 - Level 2.6 Dodging
 + Level 2.5 Shields


You had 5 spell levels left.
You didn't know any spells.
Your spell library was empty.

Dungeon Overview and Level Annotations

Branches:
Dungeon (3/15)

Altars:
Gozag


Innate Abilities, Weirdness & Mutations

Your plain brown scales are hard. (AC +6)
You cannot fit into any form of body armour.
You are cold-blooded and may be slowed by cold attacks.


Message History

You catch the helpless Deminshera's ghost completely off-guard!
You slash Deminshera's ghost!
Deminshera's ghost is almost destroyed.
You feel sick. Deminshera's ghost hits you!
* * * LOW HITPOINT WARNING * * *
The kobold throws a stone.
The stone misses you.
You hit Deminshera's ghost.
Deminshera's ghost is almost destroyed.
You feel sick. Deminshera's ghost closely misses you.
You slash Deminshera's ghost!
You destroy Deminshera's ghost!
Trog accepts your kill.
You closely miss the kobold.
You feel sick. You block the kobold's attack.
You have reached level 6!
Your scales feel tougher.
You slash the kobold!
You kill the kobold!
Trog accepts your kill.
You feel sick.
You feel sick. The kobold closely misses you.
There is an open translucent gate here.
Things that are here:
a +0 short sword; a wand of flame (19); a +2 short sword of holy wrath You feel a strong urge to attack something.
You are no longer berserk.
You are exhausted.
You feel yourself slow down.
You strike the helpless kobold from behind!
You hit the kobold.
The kobold is moderately wounded.
You catch the helpless kobold completely off-guard!
You hit the kobold but do no damage.
You feel sick. The kobold hits you but does no damage.
You block the kobold's attack. The kobold closely misses you.
You block the kobold's attack.
You closely miss the kobold.
You strike the helpless kobold from behind!
You hit the kobold but do no damage.
You feel sick.
You are no longer poisoned.
The kobold hits you with a +0 whip.
You die...

# ##.###### #....
.8#####.##...#
#...#
...........#####
#....
..........##.[.##
#....
8........##.....##
#....
.........#.#...#.#
#....
._..###'##⌠.#.#.⌠#
##...
.........#.#...#.#
#....
8..#####.##K@)..###
#.[.. ..
#..##'K)##.# #.#..
#.......)..#
#......#####
########


You could see 2 kobolds.

Vanquished Creatures
  The ghost of Deminshera the Chopper, an amateur HOAK of Lugonu (D:3)
  A kobold brigand (D:3)
  A hound (D:3)
  A gnoll (D:3)
  5 adders
  2 worms (D:3)
  2 orcs (D:3)
  5 endoplasms
  3 giant cockroaches
  7 goblins
  4 hobgoblins
  12 jackals
  7 kobolds
  3 quokkas
  8 ball pythons
  2 bats (D:1)
  7 frilled lizards
  8 rats
79 creatures vanquished.

Vanquished Creatures (others)
  A kobold (D:3)
  2 plants (D:3)
3 creatures vanquished.

Grand Total: 82 creatures vanquished

Notes
Turn   | Place    | Note
-------+----------+-------------------------------------------
     0 | D:1      | Deminshera the Draconian Berserker began the quest for the
                  | Orb.
     0 | D:1      | Reached XP level 1. HP: 19/19 MP: 1/1
   364 | D:1      | Reached XP level 2. HP: 26/26 MP: 2/2
   750 | D:1      | Reached XP level 3. HP: 33/33 MP: 3/3
  1132 | D:2      | Reached skill level 4 in Axes
  2390 | D:3      | Reached XP level 4. HP: 40/40 MP: 4/4
  3104 | D:3      | Reached skill level 1 in Shields
  3710 | D:3      | Reached ** piety under Trog
  3713 | D:3      | Reached XP level 5. HP: 43/46 MP: 5/5
  3918 | D:3      | Found an opulent altar of Gozag.
  3932 | D:3      | Found a runed translucent gate.
  3932 | D:3      | Found a runed translucent gate.
  3932 | D:3      | Found a runed translucent gate.
  3933 | D:3      | Noticed Deminshera's ghost (amateur HOAK)
  3951 | D:3      | Reached skill level 5 in Axes
  3958 | D:3      | Killed Deminshera's ghost
  3959 | D:3      | Reached XP level 6. HP: 9/55 MP: 6/6
  3963 | D:3      | HP: 2/55 [poisoned by a kobold brigand]
  3963 | D:3      | Slain by a kobold

Illustrated notes

Levels and vault maps discovered:
D:1:      sevenhm_arrival_forest_fort_small_5, layout_loops_ring,
          nicolae_figureground_sparkle
D:2:      layout_loops_ring
D:3:      lemuel_castle_with_subvaults [lemuel_castle_interior_carwin_3],
          layout_basic, nicolae_gozag_conspicuous_consumption,
          gammafunk_ghost_nasty_kobolds

Skill      XL: |  1  2  3  4  5 |
---------------+----------------+-----
Axes           | 4 5 |  5.6
Fighting       | 4 |  4.9
Shields        | 1 2 |  2.5
Dodging        | |  2.6

Action                   |  1- 3 |  4- 6 || total
-------------------------+-------+-------++-------
Melee: Hand axe          |   105 |   111 ||   216
       Tailslap          |     7 |     9 ||    16
Invok: Berserk           |     5 |     2 ||     7
  Use: Potion            |       |     2 ||     2
 Stab: Sleeping          |     1 |       ||     1
       Invisible         |       |     9 ||     9
Armor: Skin              |    38 |    40 ||    78
Dodge: Dodged            |    57 |    55 ||   112
Block: Kite shield       |    18 |    47 ||    65

Table legend: (Time is in decaauts)
 A = Elapsed time spent in this place.
 B = Non-inter-level travel time spent in this place.
 C = Inter-level travel time spent in this place.
 D = Time resting spent in this place.
 E = Time spent auto-exploring this place.
 F = Levels seen in this place.
 G = Mean time per level.
                   A        B        C        D        E       F      G
               +--------+--------+--------+--------+--------+-----+--------+
         Total |   4087 |   3963 |    124 |   1769 |   1690 |   3 | 1362.3 |
       Dungeon |   4087 |   3963 |    124 |   1769 |   1690 |   3 | 1362.3 |
               +--------+--------+--------+--------+--------+-----+--------+

Top non-repeatable levels by time:
     D:3: 1690 daAuts
     D:2: 1265 daAuts
     D:1: 1131 daAuts
